 Dungeon Crawl Stone Soup version 0.24-a0-57-gac335f2 (console) character file.

Game seed: 15535540695940707832

198 Duffy the Chopper (level 5, 19/49 HPs)
             Began as a Naga Fighter on Feb 4, 2019.
             Quit the game on level 3 of the Dungeon.
             The game lasted 00:02:50 (2598 turns).

Duffy the Chopper (Naga Fighter)                    Turns: 2598, Time: 00:02:50

Health: 19/49      AC:  6    Str: 16    XL:     5   Next: 76%
Magic:  5/5        EV:  5    Int:  9    God:
Gold:   78         SH:  9    Dex: 11    Spells: 4/4 levels left

rFire    . . .     SeeInvis +   a - +0 war axe
rCold    . . .     Gourm    .   c - +0 shield
rNeg     . . .     Faith    .   b - +0 scale mail
rPois    +         Spirit   .   (no helmet)
rElec    .         Reflect  .   (no cloak)
rCorr    .         Harm     .   e - +0 pair of gloves
MR       .....     Clarity  +   (no barding)
Stlth    ..........             (no amulet)
HPRegen  0.16/turn              (no ring)
MPRegen  0.09/turn              (no ring)

@: flying, very slow
A: large, see invisible, clarity, deformed body, poison resistance, screaming 1,
slowness 2, slow metabolism 1, spit poison 1, weak 1, AC +1
a: Spit Poison


You were on level 3 of the Dungeon.
You were not hungry.

You visited 1 branch of the dungeon, and saw 3 of its levels.

You collected 78 gold pieces.

Inventory:

Hand Weapons
 a - a +0 war axe (weapon)
Armour
 b - a +0 scale mail (worn)
 c - a +0 shield (worn)
 e - a +0 pair of gloves (worn)
Wands
 p - a wand of enslavement (6)
Scrolls
 h - 2 scrolls of remove curse {unknown}
 i - a scroll of noise {unknown}
 k - a scroll of enchant armour {unknown}
 l - a scroll of identify {unknown}
 m - a scroll of amnesia {unknown}
 n - a scroll of blinking {unknown}
Potions
 d - a potion of might
 q - a potion of invisibility {unknown}
Comestibles
 f - 5 rations
 o - a chunk of flesh


   Skills:
 - Level 3.0 Fighting
 + Level 4.3 Axes
 - Level 2.4 Armour
 + Level 4.0 Shields


You had 4 spell levels left.
You didn't know any spells.
Your spell library was empty.

Dungeon Overview and Level Annotations

Branches:
Dungeon (3/15)

Altars:
Hepliaklqana


Innate Abilities, Weirdness & Mutations

You cannot wear boots.
Your serpentine skin is tough. (AC +1)
You have supernaturally acute eyesight. (SInv)
Armour fits poorly on your strangely shaped body.
Your system is resistant to poisons. (rPois)
You cover ground very slowly.
You have a slow metabolism.
You can spit poison.
You possess an exceptional clarity of mind.
You occasionally shout uncontrollably at your foes.
You are weak. (Str -2)


Message History

You kill the adder!
You hit the dart slug.
You kill the dart slug!
Okay, then.
Items here: % ( )) a +0 dagger; a +0 blowgun; 21 poisoned needles; an adder corpse
Found a scroll labeled WONKUKYESE.
You see here a pair of gloves.
e - a pair of gloves Wear which item? (? for menu, Esc to quit)
You start putting on your armour.
You continue putting on your pair of gloves. x4
You finish putting on your +0 pair of gloves.
Really quaff the potion of mutation? [Y]es or [N]o only, please.
Really quaff the potion of mutation?
You feel extremely strange.
You feel stupid. x2; You feel the urge to shout.
You feel weaker.
Your thoughts seem clearer.
Are you sure you want to abandon this character and quit the game? (Confirm with "yes".)

#. #.### #....#
#...?. ..... .## ...
..## #.####..#
#.@.##..##
#....#...#
#....#...# #+
#}...)%..## #.
######....# #.
#....# .# #.
..####....#..)# #.
............... #.
#######.###########.


There were no monsters in sight!

Vanquished Creatures
  A hound (D:2)
  Terence (D:2)
  A gnoll (D:1)
  6 adders
  3 worms (D:2)
  6 dart slugs
  7 bats
  4 giant cockroaches
  3 goblins (D:1)
  5 hobgoblins
  7 jackals
  10 kobolds
  A ball python (D:3)
  8 frilled lizards
  4 rats
67 creatures vanquished.

Notes
Turn   | Place    | Note
-------+----------+-------------------------------------------
     0 | D:1      | Duffy the Naga Fighter began the quest for the Orb.
     0 | D:1      | Reached XP level 1. HP: 21/21 MP: 1/1
    56 | D:1      | Reached XP level 2. HP: 25/28 MP: 2/2
   269 | D:1      | Reached XP level 3. HP: 34/34 MP: 3/3
  1230 | D:2      | Reached XP level 4. HP: 42/42 MP: 4/4
  1361 | D:2      | Found a hazy altar of Hepliaklqana.
  1829 | D:2      | Noticed Terence
  1835 | D:2      | Killed Terence
  1835 | D:2      | Reached XP level 5. HP: 48/49 MP: 5/5
  2583 | D:3      | Gained mutation: Your mind is acute. (Int +2) [potion of
                  | mutation]
  2583 | D:3      | Gained mutation: Your mind is very acute. (Int +4) [potion
                  | of mutation]
  2597 | D:3      | Lost mutation: Your mind is very acute. (Int +4) [potion of
                  | mutation]
  2597 | D:3      | Lost mutation: Your mind is acute. (Int +2) [potion of
                  | mutation]
  2597 | D:3      | Gained mutation: You occasionally shout uncontrollably at
                  | your foes. [potion of mutation]
  2597 | D:3      | Gained mutation: You are weak. (Str -2) [potion of
                  | mutation]
  2597 | D:3      | Gained mutation: You possess an exceptional clarity of
                  | mind. [potion of mutation]
  2598 | D:3      | Quit the game

Vault maps used:
D:1:      elethiomel_arrival_maze
D:2:      marbit_many_paths, uniq_terence
D:3:      minmay_recursive_quarters, lemuel_round_altar

Skill      XL: |  1  2  3  4  5 |
---------------+----------------+-----
Shields        | 3 4 |  4.0
Axes           | 3 4 |  4.3
Fighting       | |  3.0
Armour         | |  2.4

Action                   |  1- 3 |  4- 6 || total
-------------------------+-------+-------++-------
Melee: War axe           |    81 |   116 ||   197
 Abil: Spit Poison       |     7 |     5 ||    12
  Use: Potion            |       |     4 ||     4
  Eat: Chunk             |     1 |     4 ||     5
Armor: Scale mail        |    35 |    60 ||    95
Dodge: Dodged            |    20 |    32 ||    52
Block: Shield            |    57 |    80 ||   137

Table legend:
 A = Non-vault XP
 B = Vault XP
 C = Vault XP percentage of total XP
 D = Non-vault monster count
 E = Vault monster count
 F = Vault count percentage of total count
                 A         B        C        D         E       F
            +---------+---------+-------+---------+---------+-------
      Total |     213 |      70 |  24.7 |      60 |       7 |  10.4
            +---------+---------+-------+---------+---------+-------
        D:1 |      75 |       0 |   0.0 |      31 |       0 |   0.0
        D:2 |     136 |      37 |  21.4 |      28 |       2 |   6.7
        D:3 |       2 |      33 |  94.3 |       1 |       5 |  83.3
            +---------+---------+-------+---------+---------+-------
